 Dungeon Crawl Stone Soup version 0.19-a0-1855-gb7442ac (webtiles) character file.

106 Amnesiac the Cutter (level 5, -2/34 HPs)
             Began as a Halfling Assassin on Oct 12, 2016.
             Slain by a phantom (6 damage)
             ... on level 4 of the Dungeon.
             The game lasted 00:02:47 (1621 turns).

Amnesiac the Cutter (Halfling Assassin)             Turns: 1621, Time: 00:02:48

Health: -2/34      AC:  3    Str: 18    XL:     5   Next: 10%
Magic:  5/5        EV: 14    Int:  9    God:
Gold:   73         SH:  0    Dex: 16    Spells: 0 memorised, 4 levels left

rFire  . . .     SeeInvis .     l - +1 rapier (freeze)
rCold  . . .     Gourm    .     c - +0 robe
rNeg   . . .     Faith    .     (shield restricted)
rPois  .         Spirit   .     (no helmet)
rElec  .         Dismiss  .     d - +0 cloak
rCorr  .         Reflect  .     (no gloves)
MR     .....     Harm     .     (no boots)
Stlth  +++.......               (no amulet)
                                (no ring)
                                (no ring)

@: mighty
A: mutation resistance 1
a: no special abilities


You were on level 4 of the Dungeon.
You were not hungry.

You visited 1 branch of the dungeon, and saw 4 of its levels.

You collected 73 gold pieces.

Inventory:

Hand Weapons
 e - a +0 blowgun
 l - a +1 rapier of freezing (weapon)
 m - a +1 dagger of draining
Missiles
 b - 8 poisoned needles
 f - 2 curare-tipped needles
Armour
 c - a +0 robe (worn)
 d - a +0 cloak (worn)
Scrolls
 j - a scroll of recharging
 o - a scroll of remove curse {unknown}
 p - a scroll of identify {unknown}
 q - a scroll of blinking {unknown}
 r - a scroll of noise {unknown}
Comestibles
 g - a bread ration
 i - a meat ration
 k - a slice of pizza
 n - 5 chunks of flesh


   Skills:
 - Level 2.0 Fighting
 - Level 5.0 Short Blades
 + Level 2.1 Throwing
 - Level 1.1 Dodging
 - Level 5.0 Stealth


You had 4 spell levels left.
You didn't know any spells.

Dungeon Overview and Level Annotations

Branches:
Dungeon (4/15)
 Temple: D:4-7

Altars:


Innate Abilities, Weirdness & Mutations

You are small and have problems with some larger weapons.
You are somewhat resistant to further mutation.


Message History

The phantom is heavily damaged.
The phantom hits you.
* * * LOW HITPOINT WARNING * * *
You miss the phantom.
The phantom is heavily damaged.
The phantom blinks!
A troll comes into view.
You see here a scroll labeled JEGYSISKOSH.
r - a scroll labeled JEGYSISKOSH The troll shouts!
A worm and a scorpion come into view.
As you read the scroll labeled KOTUGHUZYU, it crumbles to dust.
It is a scroll of recharging.
You aren't carrying any rechargeable items.
A leopard gecko comes into view.
It was a potion of magic.
Magic courses through your body.
It was a potion of might.
You feel very mighty all of a sudden. The phantom hits you.
You die...

.......#.#
...##....#
.......
...##.##.#
.......
##.##.####
.......
##.##....#
.......
##.#####.#
.w..l.s ##.# #.#
....... ##.#
#.########.......
#.#......@...T...
#.#.....W........
#.#...)....###...
#.#........# .
#..........#
###........#
#........#
#........#
##.#######


You could see a troll, a phantom, a worm (wandering), a scorpion and a leopard
gecko (wandering).

Vanquished Creatures
  2 worker ants (D:4)
  An adder (D:2)
  2 worms (D:4)
  A dart slug (D:1)
  3 leopard geckos
  An orc (D:4)
  4 goblins
  3 jackals (D:1)
  2 quokkas (D:4)
  4 bats
  2 kobolds
  A quokka skeleton (D:4)
  17 rats (D:4)
43 creatures vanquished.

Notes
Turn   | Place    | Note
-------+----------+-------------------------------------------
     0 | D:1      | Amnesiac the Halfling Assassin began the quest for the Orb.
     0 | D:1      | Reached XP level 1. HP: 14/14 MP: 1/1
   110 | D:1      | Reached XP level 2. HP: 18/19 MP: 2/2
   526 | D:2      | Reached XP level 3. HP: 16/24 MP: 3/3
   889 | D:4      | HP: 1/24 [rat (2)]
  1201 | D:4      | Noticed a phantom
  1339 | D:4      | Reached XP level 4. HP: 29/29 MP: 4/4
  1451 | D:4      | Reached skill level 5 in Short Blades
  1451 | D:4      | Reached skill level 5 in Stealth
  1451 | D:4      | Reached XP level 5. HP: 28/34 MP: 5/5
  1592 | D:4      | Noticed a phantom
  1617 | D:4      | Noticed a troll
  1621 | D:4      | Slain by a phantom

Vault maps used:
D:1:      scummos_arrival_hexagon, lemuel_flame_loot_1
D:2:      st_stairs_6, serial_bayou_lake_a
D:3:      first_bread, grunt_qazlal_sundering
D:4:      minmay_rat_hole

Skill      XL: |  1  2  3  4 |
---------------+-------------+-----
Fighting       | 2 |  2.0
Short Blades   | 3 4 5 |  5.0
Stealth        | 5 |  5.0
Throwing       | |  2.1
Dodging        | |  1.1

Action                   |  1- 3 |  4- 6 || total
-------------------------+-------+-------++-------
Melee: Dagger            |    98 |    32 ||   130
       Rapier            |    16 |    16 ||    32
 Fire: Blowgun           |     1 |       ||     1
  Use: Potion            |       |     2 ||     2
       Scroll            |       |     1 ||     1
 Stab: Sleeping          |     5 |     2 ||     7
  Eat: Chunk             |     1 |     1 ||     2
Armor: Robe              |    38 |     6 ||    44
Dodge: Dodged            |   149 |    20 ||   169
